 Dungeon Crawl Stone Soup version 0.29.1-2-gbd0b4ee654 (webtiles) character file.

Game seed: 2009166336466136777

25611 Sabo the Cleaver (level 12, 0/97 HPs)
             Began as a Demonspawn Berserker on Nov 16, 2022.
             Was the Champion of Trog.
             Slain by a skeletal warrior
             ... wielding a +0 morningstar
              (14 damage)
             ... on level 12 of the Dungeon.
             The game lasted 01:19:44 (15206 turns).

Sabo the Cleaver (Demonspawn Berserker)            Turns: 15206, Time: 01:19:44

Health: 0/97       AC: 20    Str: 22    XL:     12   Next: 91%
Magic:  0/19       EV: 12    Int:  8    God:    Trog [******]
Gold:   902        SH:  4    Dex: 11    Spells: 11/11 levels left

rFire   + . .      SeeInvis +   z - +8 war axe "Demonbane" {vorpal, rF+ Dex-3 Stlth+}
rCold   + . .      Faith    .   B - +0 buckler
rNeg    . . .      Spirit   +   Q - +1 swamp dragon scales
rPois   +          Reflect  .   M - +2 hat
rElec   .          Harm     .   t - +2 cloak
rCorr   +          Rampage  .   N - +0 pair of gloves
Will    .....                   (boots unavailable)
Stlth   ++........              u - amulet "Jasiv" {rC+ Will- Regen+ rCorr SInv}
HPRegen 1.06/turn               c - ring of magical power
MPRegen 0.32/turn               (no ring)

@: lethally poisoned (0 -> -2), on berserk cooldown, slowed, very slow
A: hooves 3, icy blue scales 2, foul stench 1, magic shield, magic regeneration,
low MP 1, screaming 1
a: Renounce Religion, Berserk, Trog's Hand, Brothers in Arms


You were on level 12 of the Dungeon.
You worshipped Trog.
Trog was exalted by your worship.
You visited 1 branch of the dungeon, and saw 12 of its levels.

You collected 1063 gold pieces.
You spent 161 gold pieces at shops.

Inventory:

Hand Weapons
 z - the +8 war axe "Demonbane" (weapon) {vorpal, rF+ Dex-3 Stlth+}
   (You bought it in a shop on level 3 of the Dungeon)

   It inflicts extra damage upon your enemies.
   Dex:       It affects your dexterity (-3).
   rF:        It protects you from fire.
   Stlth:     It makes you more stealthy.
 I - a +3 war axe of freezing
 K - a +3 long sword
 P - a +2 dire flail of protection
Missiles
 l - 22 poisoned darts (quivered)
 D - a throwing net
Armour
 t - a +2 cloak (worn)
 B - a +0 buckler (worn)
 M - a +2 hat (worn)
 N - a +0 pair of gloves (worn)
 Q - +1 swamp dragon scales (worn)
Jewellery
 c - a ring of magical power (left hand)
 u - the amulet "Jasiv" (around neck) {rC+ Will- Regen+ rCorr SInv}
   (You acquired it on level 10 of the Dungeon)

   [amulet of regeneration]

   rC:        It protects you from cold.
   SInv:      It lets you see invisible.
   Regen:     It increases your rate of health regeneration.
   rCorr:     It protects you from acid and corrosion.
   Will:      It decreases your willpower.
Wands
 a - a wand of iceblast (19)
 r - a wand of charming (13)
 H - a wand of polymorph (6)
 L - a wand of flame (6)
 O - a wand of quicksilver (5)
Scrolls
 d - 3 scrolls of butterflies
 f - 3 scrolls of poison
 j - a scroll of brand weapon
 m - a scroll of magic mapping
 n - a scroll of fear
 s - 7 scrolls of teleportation
 y - a scroll of blinking
 G - 4 scrolls of enchant weapon
 J - a scroll of identify
Potions
 b - a potion of ambrosia {unknown}
 e - a potion of berserk rage {unknown}
 g - 5 potions of mutation
 h - 9 potions of curing
 i - a potion of attraction {unknown}
 k - a potion of haste {unknown}
 o - a potion of invisibility {unknown}
 p - a potion of might {unknown}
 q - 3 potions of cancellation
 v - 2 potions of degeneration {unknown}
 w - a potion of resistance {unknown}
 x - a potion of magic {unknown}
 A - 2 potions of flight {unknown}
 E - 2 potions of heal wounds
 F - a potion of brilliance {unknown}
Miscellaneous
 S - a tin of tremorstones (2/2)
 T - a phantom mirror


   Skills:
 + Level 10.1 Fighting
 + Level 13.9 Axes
 + Level 9.6 Armour
 + Level 6.3 Dodging
 + Level 3.1 Stealth
 + Level 3.5 Shields


You had 11 spell levels left.
You didn't know any spells.
Your spell library was empty.

Dungeon Overview and Level Annotations

Branches:
Dungeon (12/15)            Temple (0/1) D:7            Lair (0/5) D:9
    Orc: D:9-12

Altars:
Dithmenos
Fedhas
Hepliaklqana
Kikubaaqudgha
Okawaru
Trog
Uskayaw
Wu Jian

Shops:
D:3 :(

Annotations:
D:11 2 runed translucent doors, exclusion: obsidian statue
D:12 Nessos


Innate Abilities, Weirdness & Mutations

You have hooves in place of feet.
You are mostly covered in icy blue scales. (AC +3)
You may rarely emit foul miasma when damaged in melee.
When hurt, damage is shared between your health and your magic reserves.
You regenerate magic rapidly.
Your magical capacity is low. (-10% MP)
You occasionally shout uncontrollably at your foes.


Message History

* * * LOW HITPOINT WARNING * * *
The arrow burns you.
* * * LOW HITPOINT WARNING * * *
The skeletal warrior hits you with a +0 morningstar.
* * * LOW HITPOINT WARNING * * *
Nessos shoots an arrow.
The arrow hits you.
* * * LOW HITPOINT WARNING * * *
Nessos shoots an arrow.
The arrow hits you.
* * * LOW HITPOINT WARNING * * *
You feel a strong urge to attack something.
Nessos shoots an arrow.
The arrow misses you.
The arrow hits the skeletal warrior.
The arrow burns the skeletal warrior.
You are no longer berserk.
You are exhausted.
You feel yourself slow down.
Nessos shoots an arrow.
The arrow hits you!
* * * LOW HITPOINT WARNING * * *
The arrow burns you.
* * * LOW HITPOINT WARNING * * *
Nessos shoots an arrow.
The arrow hits you!
* * * LOW HITPOINT WARNING * * *
The arrow burns you.
* * * LOW HITPOINT WARNING * * *
You feel much better.
Nessos stands on their hind legs for a moment.
Nessos shoots an arrow.
The arrow hits you.
* * * LOW HITPOINT WARNING * * *
You are poisoned.
Nessos shoots an arrow.
The arrow hits you.
* * * LOW HITPOINT WARNING * * *
You feel much better.
You feel very sick.
Nessos shoots an arrow.
The arrow closely misses you.
The arrow misses the skeletal warrior.
Nessos shoots an arrow.
The arrow hits you!
The skeletal warrior hits you with a +0 morningstar.
* * * LOW HITPOINT WARNING * * *
Nessos shoots an arrow.
The arrow hits you!
* * * LOW HITPOINT WARNING * * *
The skeletal warrior hits you with a +0 morningstar!
You die...

....... .......
....... .......
.##### .......
...... .......
......
.?.....#######......
.......))..z@.c.....
.#+#########........
#[..##### #...#
#...# #...# #...#
#.".# .. #..##


You could see Nessos (fast) and a skeletal warrior.

Vanquished Creatures
  Gastronok (D:8)
  Josephine (D:11)
  3 two-headed ogres
  Nergalle (D:11)
  5 skeletal warriors
  Lodul (D:10)
  Pikel (D:5)
  An ugly thing (D:11)
  4 centaur zombies (D:11)
  A rust devil (D:9)
  Maggie (D:8)
  An unseen horror (D:11)
  8 centaur skeletons (D:11)
  5 kobold demonologists (D:11)
  5 trolls
  2 hellwings (D:9)
  Prince Ribbit (D:8)
  Sigmund (D:5)
  2 meliai zombies (D:11)
  4 flying skulls (D:11)
  A shadow (D:11)
  3 wyverns (D:9)
  8 yaks
  8 wraiths
  Eustachio (D:5)
  A steam dragon (D:5)
  A vampire mosquito (D:11)
  A neqoxec (D:9)
  4 water moccasins
  A black bear (D:5)
  4 orc warriors
  2 sky beasts
  An ice beast (D:6)
  10 ogres
  3 centaurs
  4 kobold brigands (D:11)
  Blork the orc (D:5)
  A necrophage (D:6)
  2 bullfrogs
  2 gnoll sergeants
  3 scorpions
  11 wights
  4 killer bees (D:8)
  5 howler monkeys
  7 electric eels
  2 hounds
  A jelly (D:7)
  4 quasits (D:9)
  A gnoll bouda (D:6)
  6 orc priests
  3 iguanas
  15 orc wizards
  2 boggart skeletons (D:11)
  17 gnolls
  5 adders
  A shadow imp (D:5)
  A white imp (D:5)
  3 ufetubi
  5 worms
  2 dart slugs
  52 orcs
  4 ball pythons
  7 bats
  3 endoplasms
  4 giant cockroaches
  7 hobgoblins
  A jackal (D:5)
  4 quokkas
  3 frilled lizards
  9 goblins
  12 kobolds
  4 rats
316 creatures vanquished.

Vanquished Creatures (others)
  A scorpion (D:5)
  A gnoll (D:11)
  2 orcs (D:6)
  A kobold (D:11)
  A demonic plant (D:9)
  16 plants
22 creatures vanquished.

Grand Total: 338 creatures vanquished

Notes
Turn   | Place    | Note
-------+----------+-------------------------------------------
     0 | D:1      | Sabo the Demonspawn Berserker began the quest for the Orb.
     0 | D:1      | Reached XP level 1. HP: 18/18 MP: 1/1
   226 | D:1      | Found a faded altar of an unknown god.
   339 | D:1      | Gained mutation: You have large cloven feet. [demonic
                  | ancestry]
   339 | D:1      | Reached XP level 2. HP: 20/24 MP: 2/2
   742 | D:1      | Reached skill level 3 in Axes
  1132 | D:2      | Gained mutation: You have hoof-like feet. [demonic
                  | ancestry]
  1132 | D:2      | Reached XP level 3. HP: 28/29 MP: 3/3
  1841 | D:2      | Reached ** piety under Trog
  1979 | D:2      | Gained mutation: You regenerate magic rapidly. [demonic
                  | ancestry]
  1979 | D:2      | Reached XP level 4. HP: 35/35 MP: 4/4
  2237 | D:3      | Found Idghoadghi's Antique Weapon Boutique.
  2261 | D:3      | Found Jeskodas's Book Boutique.
  3033 | D:3      | Found Asyedac's Assorted Antiques.
  3317 | D:4      | Reached skill level 4 in Axes
  3321 | D:4      | Gained mutation: You have hooves in place of feet. [demonic
                  | ancestry]
  3321 | D:4      | Reached XP level 5. HP: 23/41 MP: 5/5
  3561 | D:4      | Found a hide-covered altar of Uskayaw.
  3572 | D:4      | Found an iron altar of Okawaru.
  4083 | D:4      | Found an ancient bone altar of Kikubaaqudgha.
  4379 | D:4      | Gained mutation: You are partially covered in icy blue
                  | scales. (AC +2) [demonic ancestry]
  4379 | D:4      | Reached XP level 6. HP: 44/48 MP: 6/6
  4438 | D:4      | Reached *** piety under Trog
  4731 | D:5      | Entered Level 5 of the Dungeon
  4792 | D:5      | Reached skill level 5 in Axes
  5138 | D:3      | Bought a jewelled war axe for 161 gold pieces
  5138 | D:3      | Identified the +8 war axe "Demonbane" {vorpal, rF+ Dex-3
                  | Stlth+} (You bought it in a shop on level 3 of the Dungeon)
  5395 | D:5      | Noticed Blork the orc
  5403 | D:5      | Killed Blork the orc
  5404 | D:5      | Gained mutation: When hurt, damage is shared between your
                  | health and your magic reserves. [demonic ancestry]
  5404 | D:5      | Reached XP level 7. HP: 53/54 MP: 7/7
  5588 | D:5      | Noticed Eustachio
  5597 | D:5      | Killed Eustachio
  5700 | D:5      | Noticed a yak
  5700 | D:5      | Noticed a yak
  5708 | D:5      | Noticed a yak
  5710 | D:5      | Killed a yak
  5710 | D:5      | Noticed a yak
  5711 | D:5      | Reached skill level 6 in Axes
  5711 | D:5      | Reached skill level 5 in Armour
  5711 | D:5      | Reached skill level 1 in Stealth
  5720 | D:5      | Killed a yak
  5721 | D:5      | Gained mutation: You are mostly covered in icy blue scales.
                  | (AC +3) [demonic ancestry]
  5721 | D:5      | Reached XP level 8. HP: 41/61 MP: 8/8
  5722 | D:5      | Noticed Pikel
  5728 | D:5      | Killed Pikel
  5729 | D:5      | Reached skill level 7 in Axes
  5731 | D:5      | Reached skill level 5 in Fighting
  6040 | D:5      | Gained mutation: You may rarely emit foul miasma when
                  | damaged in melee. [demonic ancestry]
  6040 | D:5      | Reached XP level 9. HP: 16/68 MP: 9/9
  6387 | D:5      | Reached skill level 8 in Axes
  6391 | D:5      | Noticed Sigmund
  6399 | D:5      | Killed Sigmund
  7050 | D:6      | Reached **** piety under Trog
  7203 | D:6      | Reached skill level 9 in Axes
  8692 | D:6      | You fall into a shaft and drop 3 floors!
  8753 | D:9      | Found a bloodstained altar of Trog.
  8834 | D:9      | Found a staircase to the Lair.
  8984 | D:9      | Gained mutation: You occasionally shout uncontrollably at
                  | your foes. [a neqoxec]
  8985 | D:9      | Gained mutation: Your magical capacity is low. (-10% MP) [a
                  | neqoxec]
  8989 | D:9      | Reached XP level 10. HP: 66/76 MP: 9/9
  9108 | D:8      | Noticed Prince Ribbit
  9128 | D:8      | Killed Prince Ribbit
  9313 | D:8      | Noticed Gastronok
  9327 | D:8      | Killed Gastronok
  9328 | D:8      | Reached skill level 10 in Axes
  9331 | D:8      | Reached skill level 1 in Shields
  9697 | D:8      | Identified the +2 robe "Damnable Contraption" {rPois Will+
                  | Int+7 Dex+2}
  9978 | D:6      | Found a shadowy altar of Dithmenos.
  9979 | D:6      | Found a hazy altar of Hepliaklqana.
  9979 | D:6      | Found a blossoming altar of Fedhas.
  9980 | D:6      | Found an ornate altar of the Wu Jian Council.
 10744 | D:7      | Found a staircase to the Ecumenical Temple.
 10753 | D:7      | Reached ***** piety under Trog
 10933 | D:8      | Noticed Maggie
 10943 | D:8      | Killed Maggie
 11716 | D:9      | Noticed a rust devil
 11733 | D:9      | Killed a rust devil
 11734 | D:9      | Reached XP level 11. HP: 78/84 MP: 9/9
 11739 | D:9      | Reached skill level 11 in Axes
 12018 | D:9      | Noticed a two-headed ogre
 12026 | D:9      | Killed a two-headed ogre
 12384 | D:10     | Entered Level 10 of the Dungeon
 12569 | D:10     | Identified a scroll of acquirement
 12570 | D:10     | Acquired the amulet "Jasiv" {rC+ Will- Regen+ rCorr SInv}
 12632 | D:10     | Noticed Lodul
 12647 | D:10     | Killed Lodul
 13390 | D:11     | Found a runed translucent door.
 13417 | D:11     | Reached skill level 5 in Dodging
 13465 | D:11     | Noticed an obsidian statue
 13474 | D:11     | Found a runed translucent door.
 13484 | D:11     | Found a runed translucent door.
 13500 | D:11     | Noticed a purple ugly thing
 13509 | D:11     | Killed a purple ugly thing
 13828 | D:11     | Reached skill level 12 in Axes
 13947 | D:11     | Noticed a two-headed ogre
 13960 | D:11     | Killed a two-headed ogre
 14025 | D:11     | Noticed a two-headed ogre
 14032 | D:11     | Killed a two-headed ogre
 14353 | D:11     | Reached XP level 12. HP: 91/94 MP: 10/10
 14386 | D:11     | Noticed Josephine
 14391 | D:11     | Killed Josephine
 14419 | D:11     | Reached skill level 13 in Axes
 14456 | D:11     | Reached ****** piety under Trog
 14642 | D:11     | Found a runed translucent door.
 14745 | D:11     | Noticed Nergalle
 14752 | D:11     | Killed Nergalle
 15156 | D:12     | Noticed Nessos
 15172 | D:12     | Reached skill level 10 in Fighting
 15184 | D:12     | Received a gift from Trog
 15204 | D:12     | HP: 4/97 [Nessos/arrow (1)]
 15206 | D:12     | Slain by a skeletal warrior

Illustrated notes

Levels and vault maps discovered:
D:1:      lemuel_arrival_tunnels, layout_basic,
          hellmonk_ecumenical_altar_blasted, nrook_mini_vaults
D:2:      layout_basic
D:3:      layout_loops_corners, serial_shops, shop, shop,
          nicolae_shop_behind_doors
D:4:      layout_basic, nicolae_kikubaaqudgha_miasma_corner,
          mainiacjoe_overflow_brackets, kennysheep_mini_moat
D:5:      layout_loops_ring, st_stairs_13, dreamdust_princess_bridge,
          minmay_fractal_squares_diagonal_5, uniq_sigmund, uniq_blork_the_orc,
          uniq_pikel, uniq_eustachio
D:6:      layout_cave_pools, chequers_temple_overflow_statue_of_worship,
          serial_bayou_lake_a
D:7:      layout_loops_ring, minmay_temple_entry_sparse_star
D:8:      layout_loops_ring, amcnicky_mini_corridor_feature,
          grunt_decor_fettered, minmay_misc_feat_plants, uniq_prince_ribbit1,
          uniq_gastronok, uniq_maggie
D:9:      layout_gridville, amcnicky_altar_gilded, lair_entry_dummy,
          serial_demonic, serial_demonic_c, serial_demonic_c, serial_demonic_e,
          serial_demonic_d, kennysheep_generic_room_11
D:10:     layout_small_grid, mainiacjoe_overflow_24_doors,
          chequers_decorated_corner, uniq_lodul
D:11:     hangedman_screamer, layout_basic, serial_bayou, serial_bayou_pond_a,
          serial_bayou_shore_b, serial_bayou_pond_d, serial_bayou_pond_b,
          minmay_statue_crystal_thing, uniq_nergalle
D:12:     evilmike_iron_armoury, layout_irregular_city,
          kennysheep_orc_monster_closet_entryway, uniq_nessos

Skill      XL: |  1  2  3  4  5  6  7  8  9 10 11 12 |
---------------+-------------------------------------+-----
Dodging        | 2 3 4 5 6 |  6.3
Axes           | 3 4 5 6 7 9 10 12 13 | 13.9
Armour         | 2 3 4 5 6 7 8 9 |  9.6
Fighting       | 4 5 6 7 8 10 | 10.1
Stealth        | 1 2 3 |  3.1
Shields        | 1 2 3 |  3.5

Action                   |  1- 3 |  4- 6 |  7- 9 | 10-12 || total
-------------------------+-------+-------+-------+-------++-------
Melee: Hand axe          |   126 |   118 |       |       ||   244
       Punch             |     1 |       |     1 |       ||     2
       Kick              |       |    15 |    35 |   151 ||   201
       War axe           |       |    11 |   145 |   440 ||   596
Invok: Berserk           |     1 |     2 |     1 |     4 ||     8
  Use: Scroll            |     2 |     5 |     2 |    13 ||    22
       Potion            |       |       |       |     4 ||     4
 Stab: Distracted        |       |       |       |     1 ||     1
       Sleeping          |       |       |       |     1 ||     1
Armor: Leather armour    |    61 |       |       |       ||    61
       Ring mail         |     9 |    41 |       |       ||    50
       Chain mail        |       |    19 |    88 |    63 ||   170
       Swamp dragon scal |       |       |       |   213 ||   213
Dodge: Dodged            |   108 |    59 |    63 |   250 ||   480
Block: Buckler           |       |       |    11 |    84 ||    95
